 Dungeon Crawl Stone Soup version 0.27-a0-1189-gb8eb6cee8e (webtiles) character file.

Game seed: 14717618411823741071

20790 st0uf the Geomancer (level 12, -1/66 HPs)
             Began as a Gargoyle Earth Elementalist on May 22, 2021.
             Was a High Priest of Vehumet.
             Shot with an arrow by Nessos (10 damage)
             ... on level 12 of the Dungeon.
             The game lasted 01:06:43 (14446 turns).

st0uf the Geomancer (Gargoyle Earth Elementalist)  Turns: 14446, Time: 01:06:44

Health: -1/66      AC: 19    Str: 13    XL:     12   Next: 83%
Magic:  13/25      EV: 11    Int: 20    God:    Vehumet [*****.]
Gold:   751        SH:  0    Dex: 10    Spells: 17/29 levels left

rFire    . . .     SeeInvis +   H - +1 quarterstaff (spect)
rCold    . . .     Faith    .   (shield currently unavailable)
rNeg     + + +     Spirit   .   l - +0 troll leather armour {Purgy}
rPois    ∞         Reflect  .   (no helmet)
rElec    +         Harm     .   J - +2 cloak "Qetuxt Zufri" {Will+}
rCorr    .         Rampage  +   q - +1 pair of gloves
Will     +....                  (no boots)
Stlth    ++........             L - amulet "Jucof" {RegenMP Rampage Drain rN+ SInv}
HPRegen  1.21/turn              G - ring of positive energy
MPRegen  0.44/turn              (no ring)

@: freezing walls
A: sickness immunity, AC +8, negative energy resistance 1, electricity
resistance, torment resistance 1, petrification resistance
a: Renounce Religion


You were on level 12 of the Dungeon.
You worshipped Vehumet.
Vehumet was extremely pleased with you.
You visited 2 branches of the dungeon, and saw 13 of its levels.
You also visited: Sewer and Ossuary.

You collected 751 gold pieces.

Inventory:

Hand Weapons
 H - a +1 spectral quarterstaff (weapon)
Missiles
 g - 15 atropa-tipped darts
 u - 170 stones
 v - a curare-tipped dart
Armour
 e - a scarf of shadows
 l - a +0 troll leather armour (worn) {Purgy}
 q - a +1 pair of gloves (worn)
 A - the +0 robe "Doog" {Will+ Int+4 Dex+7}
   (You found it on level 6 of the Dungeon)

   It affects your intelligence (+4).
   It affects your dexterity (+7).
   It increases your willpower.
 J - the +2 cloak "Qetuxt Zufri" (worn) {Will+}
   (You found it on level 8 of the Dungeon)

   It increases your willpower.
 Q - a scarf of invisibility
Jewellery
 G - a ring of positive energy (left hand)
 L - the amulet "Jucof" (around neck) {RegenMP Rampage Drain rN+ SInv}
   (You found it on level 9 of the Dungeon)

   [amulet of magic regeneration]

   It increases your rate of magic regeneration.
   It protects you from negative energy.
   It lets you see invisible.
   It drains your maximum health when unequipped.
   It bestows one free step when moving towards enemies.
 M - a ring of protection from cold
Wands
 p - a wand of polymorph (11)
 z - a wand of iceblast (8)
 E - a wand of charming (24)
 N - a wand of acid (5)
 P - a wand of flame (50)
Scrolls
 d - 5 scrolls of magic mapping {unknown}
 f - 2 scrolls of immolation {unknown}
 j - 5 scrolls of teleportation
 m - 3 scrolls of fog {unknown}
 n - 7 scrolls of noise {unknown}
 o - 9 scrolls of identify {unknown}
 s - 2 scrolls of blinking {unknown}
 w - a scroll of acquirement {unknown}
 y - a scroll of enchant weapon {unknown}
 B - a scroll of amnesia {unknown}
 D - a scroll of silence {unknown}
 F - a scroll of fear {unknown}
 K - a scroll of torment {unknown}
Potions
 a - 8 potions of heal wounds
 b - 2 potions of berserk rage {unknown}
 c - 3 potions of lignification {unknown}
 h - 5 potions of might {unknown}
 i - 3 potions of attraction {unknown}
 k - 5 potions of flight {unknown}
 r - 3 potions of mutation {unknown}
 t - a potion of haste {unknown}
 x - 3 potions of curing {unknown}
 C - a potion of brilliance {unknown}
 I - a potion of resistance
 O - a potion of cancellation {unknown}


   Skills:
 + Level 4.0 Fighting
 + Level 6.5 Staves
 + Level 6.9 Armour
 - Level 1.5 Dodging
 + Level 4.9 Stealth
 - Level 0.3 Unarmed Combat
 + Level 9.2 Spellcasting
 * Level 10.5 Conjurations
 + Level 0.7 Transmutations
 * Level 7.3 Ice Magic
 + Level 11.6 Earth Magic


You had 17 spell levels left.
You knew the following spells:

 Your Spells              Type           Power      Damage    Failure   Level
a - Sandblast             Erth           100%       2d20      1%          1
b - Stone Arrow           Conj/Erth      100%       3d13      1%          3
c - Frozen Ramparts       Ice            76%        1d9       1%          3
d - Lee's Rapid Deconstr  Erth           27%        3d15*     1%          5

Your spell library contained the following spells:

 Spells                   Type           Power      Damage    Failure   Level
 Fireball                 Conj/Fire      15%        3d8       8%          5
 Shock                    Conj/Air       100%       1d9       1%          1
 Passwall                 Tmut/Erth      27%        N/A       1%          2
 Static Discharge         Conj/Air       30%        N/A       1%          2
 Beastly Appendage        Tmut           24%        N/A       7%          1
 Inner Flame              Hex/Fire       9%         N/A       8%          3
 Petrify                  Tmut/Erth      33%        N/A       8%          4
 Lightning Bolt           Conj/Air       15%        1d29      8%          5
 Leda's Liquefaction      Hex/Erth       16%        N/A       9%          4
 Corona                   Hex            10%        N/A       10%         1
 Wereblood                Tmut           12%        N/A       11%         2
 Slow                     Hex            9%         N/A       14%         2
 Ice Form                 Ice/Tmut       25%        N/A       19%         4
 Spider Form              Tmut/Pois      5%         N/A       24%         3
 Airstrike                Air            4%         N/A       24%         4
 Portal Projectile        Hex/Tloc       18%        N/A       28%         3
 Swiftness                Air            9%         N/A       28%         3
 Cause Fear               Hex            4%         N/A       67%         4
 Hydra Form               Tmut           6%         N/A       88%         5


Dungeon Overview and Level Annotations

Branches:
Dungeon (12/15)            Temple (1/1) D:4            Lair (0/6) D:11
    Orc (0/2) D:10          Sewer (visited)         Ossuary (visited)

Altars:
Ashenzari
Cheibriados
Dithmenos
Elyvilon
Fedhas
Gozag
Hepliaklqana
Kikubaaqudgha
Makhleb
Nemelex Xobeh
Okawaru
Qazlal
Ru
Sif Muna
Trog
Uskayaw
Vehumet
Wu Jian
Xom
Yredelemnul
Zin
The Shining One
Lugonu

Shops:
D:2 (   D:3 *   D:10 [

Portals:
Abyss: D:3

Annotations:
D:8 Gastronok
D:10 2 transporters, PanSaczeczos's ghost, journeyman MfGl
D:12 Nessos


Innate Abilities, Weirdness & Mutations

You are immune to sickness and miasma.
Your stone body is resilient. (AC +8)
You are immune to poison.
You resist negative energy. (rN+)
You are resistant to electric shocks. (rElec)
You are resistant to unholy torment.
You are immune to petrification.


Message History

Aiming: Stone Arrow (safe; 1% risk of failure)
Press: ? - help, Shift-Dir - straight line, f - Nessos
Aim: Nessos, wearing a +0 barding and quivering arrows (lightly wounded, 87% to hit)
The stone arrow hits Nessos!!
Nessos is heavily wounded.
Nessos gestures wildly while chanting.
Nessos seems to speed up.
Casting: Stone Arrow (safe; 1% risk of failure)
Confirm with . or Enter, or press ? or * to list all spells.
Aiming: Stone Arrow (safe; 1% risk of failure)
Press: ? - help, Shift-Dir - straight line, f/p - Nessos
Aim: Nessos, wearing a +0 barding and quivering arrows (heavily wounded, fast, 87% to hit)
The stone arrow hits Nessos!
Nessos is severely wounded.
Nessos intently looks at you, slowly moving their tail.
Nessos wields a +3 longbow of flaming.
It bursts into flame!
Nessos shoots an arrow.
The arrow hits you! The arrow burns you.
Nessos shoots an arrow.
The arrow hits you! The arrow burns you!
Casting: Stone Arrow (safe; 1% risk of failure)
Confirm with . or Enter, or press ? or * to list all spells.
Aiming: Stone Arrow (safe; 1% risk of failure)
Press: ? - help, Shift-Dir - straight line, f/p - Nessos
Aim: Nessos, wielding a +3 longbow of flaming, wearing a +0 barding and quivering arrows (severely wounded, fast, 87% to hit)
The stone arrow hits Nessos!
Nessos is severely wounded.
Nessos shoots an arrow.
The arrow hits you! The arrow burns you.
Nessos shoots an arrow.
The arrow hits you!
* * * LOW HITPOINT WARNING * * *
The arrow burns you.
* * * LOW HITPOINT WARNING * * *
Nessos blinks!
Casting: Stone Arrow (safe; 1% risk of failure)
Confirm with . or Enter, or press ? or * to list all spells.
Aiming: Stone Arrow (safe; 1% risk of failure)
Press: ? - help, Shift-Dir - straight line, f/p - Nessos
Aim: Nessos, wielding a +3 longbow of flaming, wearing a +0 barding and quivering arrows (severely wounded, fast, 87% to hit)
The stone arrow hits Nessos!
Nessos is almost dead.
Nessos shoots an arrow.
The arrow hits you!
You die...

#.......c#
#........#
#........#
#........#
#........#
###+# #.††#
###)###
#...@#
########....#
............#
########.§..#
#....# #.c..#
##.### #.##
#..#


You could see Nessos (fast).

Vanquished Creatures
  Azrael (D:12)
  A boulder beetle (D:10)
  3 two-headed ogres
  A centaur warrior (D:10)
  Pikel (D:8)
  2 deep elf pyromancers (D:10)
  An orc knight (D:10)
  2 ugly things
  3 manticores
  A cyclops (D:10)
  Joseph (D:8)
  2 unseen horrors
  2 freezing wraiths (D:10)
  A troll (D:11)
  Prince Ribbit (D:9)
  10 slime creatures
  2 wyverns
  3 yaks (D:10)
  4 fire elementals (D:12)
  2 wraiths (D:11)
  3 vampire mosquitoes (D:11)
  2 redback simulacra (D:8)
  A water moccasin (D:7)
  An acid dragon (D:9)
  4 hell hounds (D:12)
  Duvessa (D:5)
  Purgy (D:3)
  5 orc warriors
  A sky beast (D:6)
  4 ice beasts
  A boggart (D:10)
  An ogre (D:5)
  A phantom (D:4)
  6 centaurs
  An elf zombie (Ossuary)
  A lemure (D:8)
  3 kobold brigands
  2 bullfrogs
  3 elf skeletons (D:6)
  2 scorpions
  Dowan (D:5)
  A wyvern zombie (D:8)
  A wyvern skeleton (D:6)
  11 killer bees (D:9)
  A howler monkey (D:7)
  9 centaur zombies
  A human zombie (Ossuary)
  A bullfrog skeleton (D:6)
  A jelly (D:7)
  10 orc priests
  2 hounds
  A gnoll shaman (D:8)
  2 iguanas
  15 orc wizards
  A killer bee zombie (D:8)
  A hound zombie (D:5)
  2 mummies (Ossuary)
  A howler monkey zombie (D:8)
  4 gnolls (D:8)
  5 river rats
  7 adders
  2 shadow imps
  2 white imps (D:6)
  An ufetubus (D:5)
  An adder zombie (Ossuary)
  2 worms
  3 dart slugs
  46 orcs
  4 ball pythons
  5 endoplasms
  3 giant cockroaches
  5 goblins
  14 hobgoblins
  13 jackals
  18 kobolds
  7 quokkas
  8 bats
  3 frilled lizards (D:1)
  2 goblin zombies (Ossuary)
  15 hobgoblin zombies (Ossuary)
  2 jackal zombies (Ossuary)
  8 kobold zombies (Ossuary)
  2 orc skeletons (D:6)
  7 orc zombies
  9 rats
  2 lurking horrors (D:3)
350 creatures vanquished.

Vanquished Creatures (others)
  An orc wizard (D:5)
1 creature vanquished.

Grand Total: 351 creatures vanquished

Notes
Turn   | Place    | Note
-------+----------+-------------------------------------------
     0 | D:1      | st0uf the Gargoyle Earth Elementalist began the quest for
                  | the Orb.
     0 | D:1      | Reached XP level 1. HP: 10/10 MP: 3/3
   233 | D:1      | Reached XP level 2. HP: 8/15 MP: 3/5
   368 | D:1      | Reached skill level 4 in Earth Magic
   879 | D:1      | Found a faded altar of an unknown god.
   928 | D:1      | Reached XP level 3. HP: 17/19 MP: 4/6
  1267 | D:1      | Reached skill level 1 in Conjurations
  1632 | D:2      | Reached XP level 4. HP: 24/24 MP: 4/7
  2075 | D:2      | Found Baocavur's Antique Weapon Boutique.
  2858 | D:3      | Found a corrupted altar of Lugonu.
  2859 | D:3      | Found a one-way gate to the infinite horrors of the Abyss.
  2878 | D:3      | Learned a level 3 spell: Stone Arrow
  2886 | D:3      | Noticed Purgy
  2892 | D:3      | Killed Purgy
  2893 | D:3      | Reached skill level 1 in Armour
  2893 | D:3      | Reached skill level 5 in Earth Magic
  2893 | D:3      | Reached XP level 5. HP: 21/28 MP: 4/9
  3275 | D:3      | Found Gamegh Coom's General Store.
  4184 | D:4      | Found a staircase to the Ecumenical Temple.
  4190 | Temple   | Entered the Ecumenical Temple
  4221 | Temple   | Became a worshipper of Vehumet
  4536 | D:4      | Noticed a phantom
  4541 | D:4      | Killed a phantom
  4542 | D:4      | Reached XP level 6. HP: 33/33 MP: 5/11
  4671 | D:4      | You fall into a shaft and drop 2 floors!
  4712 | D:6      | Found a sand-covered staircase.
  4733 | D:6      | Reached skill level 1 in Fighting
  4735 | Ossuary  | Entered an ossuary
  5090 | Ossuary  | Reached XP level 7. HP: 38/38 MP: 1/12
  5120 | Ossuary  | Reached * piety under Vehumet
  5120 | Ossuary  | Offered knowledge of Foxfire by Vehumet.
  5497 | D:6      | Reached skill level 6 in Earth Magic
  5597 | D:6      | Reached XP level 8. HP: 44/44 MP: 10/14
  5709 | D:5      | Entered Level 5 of the Dungeon
  5737 | D:5      | Offered knowledge of Static Discharge by Vehumet.
  5743 | D:5      | Reached ** piety under Vehumet
  5747 | D:5      | Found a hide-covered altar of Uskayaw.
  5759 | D:5      | Noticed Duvessa
  5760 | D:5      | Reached skill level 7 in Earth Magic
  5785 | D:5      | Noticed Dowan
  5904 | D:6      | Reached skill level 5 in Spellcasting
  6291 | D:5      | Reached skill level 5 in Armour
  6291 | D:5      | Reached skill level 8 in Earth Magic
  6323 | D:5      | Reached XP level 9. HP: 37/48 MP: 14/17
  6397 | D:5      | Found a glowing drain.
  6405 | Sewer    | Entered a sewer
  6684 | Sewer    | Found a white marble altar of Elyvilon.
  7295 | D:5      | Killed Duvessa
  7302 | D:5      | Killed Dowan
  7302 | D:5      | Offered knowledge of Frozen Ramparts by Vehumet.
  7303 | D:5      | Reached skill level 5 in Conjurations
  7307 | D:5      | Learned a level 3 spell: Frozen Ramparts
  8216 | D:6      | Identified the +0 robe "Doog" {Will+ Int+4 Dex+7}
  8252 | D:6      | Found a sparkling altar of Nemelex Xobeh.
  8382 | D:7      | Reached skill level 1 in Ice Magic
  8758 | D:7      | Reached *** piety under Vehumet
  9222 | D:7      | You fall into a shaft and drop 2 floors!
  9244 | D:8      | Noticed Joseph
  9348 | D:8      | Found a transporter.
  9564 | D:8      | Noticed Gastronok
  9726 | D:8      | Offered knowledge of Mephitic Cloud by Vehumet.
  9888 | D:8      | Reached skill level 9 in Earth Magic
 10078 | D:8      | Reached XP level 10. HP: 53/53 MP: 3/19
 10231 | D:8      | Found a transporter.
 10238 | D:8      | Killed Joseph
 10251 | D:8      | Learned a level 5 spell: Lee's Rapid Deconstruction
 10412 | D:8      | Identified the +2 cloak "Qetuxt Zufri" {Will+}
 10479 | D:8      | Noticed Pikel
 10485 | D:8      | Killed Pikel
 11056 | D:9      | Noticed Prince Ribbit
 11062 | D:9      | Killed Prince Ribbit
 11146 | D:9      | Reached skill level 10 in Earth Magic
 11238 | D:9      | Reached **** piety under Vehumet
 11488 | D:9      | Identified the amulet "Jucof" {RegenMP Rampage Drain rN+
                  | SInv}
 11773 | D:10     | Entered Level 10 of the Dungeon
 11776 | D:10     | Found Xikeblar's Armour Shoppe.
 11787 | D:10     | Offered knowledge of Sticky Flame by Vehumet.
 11792 | D:10     | Found a staircase to the Orcish Mines.
 11820 | D:10     | Reached skill level 1 in Staves
 11887 | D:10     | Noticed a deep elf pyromancer
 11890 | D:10     | Noticed a boulder beetle
 11891 | D:10     | Killed a deep elf pyromancer
 11895 | D:10     | Noticed a cyclops
 11927 | D:10     | Reached skill level 5 in Ice Magic
 11927 | D:10     | Reached XP level 11. HP: 58/58 MP: 15/22
 11974 | D:10     | Killed a cyclops
 12204 | D:10     | Noticed a deep elf pyromancer
 12210 | D:10     | Killed a deep elf pyromancer
 12265 | D:10     | Noticed an orc knight
 12269 | D:10     | Killed an orc knight
 12329 | D:10     | Killed a boulder beetle
 12374 | D:10     | Noticed a manticore
 12379 | D:10     | Noticed a centaur warrior
 12381 | D:10     | Killed a manticore
 12385 | D:10     | Killed a centaur warrior
 12437 | D:10     | Found a transporter.
 12437 | D:10     | Noticed PanSaczeczos's ghost (journeyman MfGl)
 12532 | D:10     | Found a transporter.
 12612 | D:11     | Noticed a two-headed ogre
 12616 | D:11     | Killed a two-headed ogre
 12634 | D:11     | Found a staircase to the Lair.
 12644 | D:11     | Reached skill level 11 in Earth Magic
 12736 | D:11     | Noticed a red ugly thing
 12744 | D:11     | Killed a red ugly thing
 12745 | D:11     | Reached XP level 12. HP: 14/64 MP: 20/24
 12821 | D:11     | Reached skill level 5 in Staves
 12935 | D:11     | Reached ***** piety under Vehumet
 13047 | D:11     | Offered knowledge of Fireball by Vehumet.
 13749 | D:12     | Reached skill level 10 in Conjurations
 13868 | D:12     | Noticed a two-headed ogre
 13872 | D:12     | Killed a two-headed ogre
 14140 | D:12     | Noticed a two-headed ogre
 14145 | D:12     | Killed a two-headed ogre
 14239 | D:12     | Noticed Azrael
 14327 | D:12     | Noticed Nessos
 14383 | D:12     | Killed Azrael
 14446 | D:12     | Shot with an arrow by Nessos

Illustrated notes

Levels and vault maps discovered:
D:1:      dpeg_arrival_water_fire, layout_basic, ebering_ecumenical_altar_rust
D:2:      layout_loops_ring, serial_shops, nicolae_shop_crystal,
          serial_bayou_lagoon_a, chequers_garden
D:3:      layout_basic, serial_shops, shop, amcnicky_altar_lugonu_corruption,
          uniq_purgy
D:4:      layout_basic, minmay_temple_entry_drinking_statues
D:5:      layout_gridville, portal_sewer_entry_a, minivault_25,
          grunt_decor_junction, minmay_ruined_shrine, uniq_duvessa
D:6:      layout_gridville, general_overflow_altar,
          nicolae_ossuary_entry_catacombs
D:7:      layout_layer_cave
D:8:      gammafunk_cloud_chamber, layout_rooms,
          hangedman_abyss_or_decor_passed, kennysheep_generic_room_14,
          uniq_gastronok, uniq_pikel, uniq_joseph
D:9:      layout_roguey, uniq_prince_ribbit1
D:10:     layout_rooms, orc_david_3, gammafunk_ghost_arena, minivault_28
D:11:     layout_loops_cross, lair_entry_dummy, corexii_checkpoint_a
D:12:     layout_roguey, minmay_door_square, uniq_azrael, uniq_nessos
Temple:   minmay_crystal_snake_temple

Skill      XL: |  1  2  3  4  5  6  7  8  9 10 11 12 |
---------------+-------------------------------------+-----
Earth Magic    | 4 5 6 8 9 10 11 | 11.6
Conjurations   | 1 2 3 4 6 7 9 10 | 10.5
Armour         | 1 2 3 5 6 |  6.9
Spellcasting   | 3 4 5 6 7 8 9 |  9.2
Stealth        | 3 4 |  4.9
Fighting       | 1 2 3 4 |  4.0
Ice Magic      | 3 5 6 7 |  7.3
Staves         | 2 4 6 |  6.5
Dodging        | |  1.5
Unarmed Combat | |  0.3
Transmutations | |  0.7

Action                   |  1- 3 |  4- 6 |  7- 9 | 10-12 || total
-------------------------+-------+-------+-------+-------++-------
Melee: Unarmed           |   119 |   467 |   509 |    19 ||  1114
       Punch             |       |     1 |     2 |       ||     3
       Quarterstaff      |       |       |       |   187 ||   187
 Cast: Sandblast         |    36 |    43 |   111 |     1 ||   191
       Stone Arrow       |       |       |    92 |   159 ||   251
       Lee's Rapid Decon |       |       |       |    11 ||    11
       Frozen Ramparts   |       |       |       |     5 ||     5
  Use: Potion            |       |       |       |     1 ||     1
       Scroll            |       |       |       |     1 ||     1
 Stab: Sleeping          |     1 |     3 |       |     1 ||     5
       Distracted        |       |       |       |     2 ||     2
Armor: Robe              |    60 |    39 |       |       ||    99
       Troll leather arm |       |   169 |   281 |   185 ||   635
Dodge: Dodged            |    96 |   304 |   322 |   135 ||   857

Table legend: (Time is in decaauts)
 A = Elapsed time spent in this place.
 B = Non-inter-level travel time spent in this place.
 C = Inter-level travel time spent in this place.
 D = Time resting spent in this place.
 E = Time spent auto-exploring this place.
 F = Levels seen in this place.
 G = Mean time per level.
                   A        B        C        D        E       F      G
               +--------+--------+--------+--------+--------+-----+--------+
         Total |  14536 |  14150 |    386 |   2161 |   7448 |  15 |  969.1 |
       Dungeon |  13306 |  12955 |    351 |   1991 |   7099 |  12 | 1108.8 |
        Temple |    203 |    168 |     35 |      0 |    159 |   1 |  203.0 |
         Sewer |    356 |    356 |      0 |    114 |    123 |   1 |  356.0 |
       Ossuary |    670 |    670 |      0 |     56 |     67 |   1 |  670.0 |
               +--------+--------+--------+--------+--------+-----+--------+

Top non-repeatable levels by time:
     D:8: 1510 daAuts
     D:1: 1482 daAuts
     D:5: 1426 daAuts
     D:3: 1322 daAuts
     D:2: 1282 daAuts
     D:9: 1059 daAuts
     D:4: 939 daAuts
    D:11: 938 daAuts
     D:7: 937 daAuts
    D:12: 900 daAuts
    D:10: 846 daAuts
 Ossuary: 670 daAuts
     D:6: 660 daAuts
   Sewer: 356 daAuts
  Temple: 203 daAuts
